PA
KENT COMETS @ MYRTLE BEACH SEAHAWKS
07/04/2042
 
TOP OF THE 1ST
Kent Comets batting - Pitching for Myrtle Beach Seahawks : RHP Patrick Amador
Pitching: RHP Patrick Amador
Batting: RHB Wessel Dekkers 0-0: Ball
1-0: Swinging Strike
1-1: SINGLE (Line Drive, 7S, EV 99.4 MPH)
Batting: RHB Ramón Suzuarregui 0-0: Fielders Choice at 2nd, 5-4 (Groundball, 56, EV 90.6 MPH)
Batting: LHB Bill Wilson 0-0: Ball
1-0: Called Strike
1-1: Ball
2-1: Ground out 5-3 (Groundball, 5, EV 100.6 MPH)
Ramón Suzuarregui to second
Batting: RHB León Galiano 0-0: Ball
1-0: Foul Ball, location: 2F
1-1: Swinging Strike
1-2: Strikes out looking
Top of the 1st over - 0 runs, 1 hit, 0 errors, 1 left on base; Kent 0 - Myrtle Beach 0
BOTTOM OF THE 1ST
Myrtle Beach Seahawks batting - Pitching for Kent Comets : RHP Tadao Ishihara
Pitching: RHP Tadao Ishihara
Batting: LHB Don Clark 0-0: Foul Ball, location: 2F
0-1: Ball
1-1: Foul Ball, location: 2F
1-2: Ball
2-2: Foul Ball, location: 2F
2-2: DOUBLE (Flyball, 78D, EV 108.8 MPH)
Batting: RHB Wendel Koudstaal 0-0: Ball
1-0: Foul Ball, location: 2F
1-1: Ball
2-1: Ball
3-1: Base on Balls
Batting: RHB Darren Gordam 0-0: Called Strike
0-1: Grounds into double play, 5-4-3 (Groundball, 56, EV 101.2 MPH)
Don Clark to third
Batting: LHB John Allen 0-0: Called Strike
0-1: Ball
1-1: Ball
2-1: DOUBLE (Line Drive, 7LD, EV 103.8 MPH)
Don Clark scores
Batting: LHB Anton Zdravomyslov 0-0: Foul Ball, location: 2F
0-1: SINGLE (Groundball, 3D, EV 93.8 MPH)
John Allen to third
Runner from 3rd tries for Home, SAFE, throw by RF to home
Batting: RHB Cristo Lucas 0-0: Called Strike
0-1: Ball
1-1: Swinging Strike
1-2: Ball
2-2: Ball
3-2: Base on Balls
Anton Zdravomyslov to second
Batting: RHB Xavier Botín 0-0: Swinging Strike
0-1: Ball
1-1: Fly out, F8 (Flyball, 8LS, EV 80.6 MPH)
Bottom of the 1st over - 2 runs, 3 hits, 0 errors, 2 left on base; Kent 0 - Myrtle Beach 2
TOP OF THE 2ND
Kent Comets batting - Pitching for Myrtle Beach Seahawks : RHP Patrick Amador
Batting: RHB John Jackson 0-0: Swinging Strike
0-1: Ball
1-1: SINGLE (Groundball, 6MD, EV 107.5 MPH)
Batting: RHB Raúl Rosa 0-0: Called Strike
0-1: Ball
1-1: Swinging Strike
1-2: Ball
2-2: Foul Ball, location: 2F
2-2: Ball
3-2: Strikes out swinging
Batting: RHB Jacob Gray 0-0: Ball
1-0: Called Strike
1-1: Ball
2-1: Foul Ball, location: 2F
2-2: Foul Ball, location: 2F
2-2: Strikes out swinging
Batting: RHB Zhao-ji Pan 0-0: Ball
1-0: Fly out, F6 (Popup, 6, EV 71.9 MPH)
Top of the 2nd over - 0 runs, 1 hit, 0 errors, 1 left on base; Kent 0 - Myrtle Beach 2
BOTTOM OF THE 2ND
Myrtle Beach Seahawks batting - Pitching for Kent Comets : RHP Tadao Ishihara
Batting: RHB Bartolo Ayala 0-0: Ball
1-0: Ball
2-0: Ball
3-0: Called Strike
3-1: Base on Balls
Batting: RHB Andrew Sprinkle 0-0: Ball
1-0: Ball
2-0: Called Strike
2-1: Fielders Choice at 2nd, 4-6 (Groundball, 4, EV 84.4 MPH)
Batting: LHB Don Clark 0-0: Called Strike
0-1: Ball
1-1: Foul Ball, location: 2F
1-2: Ball
2-2: Strikes out swinging
Andrew Sprinkle steals 2nd base
Batter strikes out.
Batting: RHB Wendel Koudstaal 0-0: Called Strike
0-1: Ball
1-1: Ball
2-1: SINGLE (Groundball, 56D, EV 107.5 MPH)
Andrew Sprinkle to third
Runner from 3rd tries for Home, SAFE, throw by LF to home
Batting: RHB Darren Gordam 0-0: Ball
1-0: Fly out, F8 (Flyball, 8RM, EV 86.9 MPH)
Bottom of the 2nd over - 1 run, 1 hit, 0 errors, 1 left on base; Kent 0 - Myrtle Beach 3
TOP OF THE 3RD
Kent Comets batting - Pitching for Myrtle Beach Seahawks : RHP Patrick Amador
Batting: RHB Roberto Méndez 0-0: Ball
1-0: Foul Ball, location: 2F
1-1: Called Strike
1-2: Ball
2-2: Strikes out swinging
Batting: RHB Wessel Dekkers 0-0: Ball
1-0: Ball
2-0: Called Strike
2-1: Foul Ball, location: 2F
2-2: Strikes out swinging
Batting: RHB Ramón Suzuarregui 0-0: Foul Ball, location: 2F
0-1: Ball
1-1: Ball
2-1: Foul Ball, location: 2F
2-2: Ball
3-2: Foul Ball, location: 2F
3-2: Strikes out looking
Top of the 3rd over - 0 runs, 0 hits, 0 errors, 0 left on base; Kent 0 - Myrtle Beach 3
BOTTOM OF THE 3RD
Myrtle Beach Seahawks batting - Pitching for Kent Comets : RHP Tadao Ishihara
Batting: LHB John Allen 0-0: Called Strike
0-1: Ball
1-1: Swinging Strike
1-2: Ball
2-2: Fly out, F9 (Flyball, 9, EV 90.0 MPH)
Batting: LHB Anton Zdravomyslov 0-0: Called Strike
0-1: Ball
1-1: Foul Ball, location: 2F
1-2: Ball
2-2: Foul Ball, location: 2F
2-2: Ground out 5-3 (Groundball, 5, EV 106.2 MPH)
Batting: RHB Cristo Lucas 0-0: Ball
1-0: Ball
2-0: Swinging Strike
2-1: Ball
3-1: Base on Balls
Batting: RHB Xavier Botín 0-0: Ball
1-0: Ball
2-0: Foul Ball, location: 2F
2-1: Ball
3-1: Base on Balls
Cristo Lucas to second
Batting: RHB Bartolo Ayala 0-0: Ball
1-0: Ball
2-0: Called Strike
2-1: Ground out 4-3 (Groundball, 4, EV 106.2 MPH)
Bottom of the 3rd over - 0 runs, 0 hits, 0 errors, 2 left on base; Kent 0 - Myrtle Beach 3
TOP OF THE 4TH
Kent Comets batting - Pitching for Myrtle Beach Seahawks : RHP Patrick Amador
Batting: LHB Bill Wilson 0-0: Ball
1-0: Called Strike
1-1: Ball
2-1: Ball
3-1: Base on Balls
Batting: RHB León Galiano 0-0: Ball
1-0: Grounds into double play, 6-4-3 (Groundball, 6, EV 85.6 MPH)
Batting: RHB John Jackson 0-0: Foul Ball, location: 2F
0-1: Foul Ball, location: 2F
0-2: Ball
1-2: Ball
2-2: Fly out, F5 (Line Drive, 5, EV 67.5 MPH)
Top of the 4th over - 0 runs, 0 hits, 0 errors, 0 left on base; Kent 0 - Myrtle Beach 3
BOTTOM OF THE 4TH
Myrtle Beach Seahawks batting - Pitching for Kent Comets : RHP Tadao Ishihara
Batting: RHB Andrew Sprinkle 0-0: Called Strike
0-1: Ball
1-1: Ball
2-1: Ball
3-1: Ground out 3-1 (Groundball, 34S, EV 67.5 MPH)
Batting: LHB Don Clark 0-0: Ball
1-0: Foul Ball, location: 2F
1-1: Ball
2-1: Swinging Strike
2-2: Strikes out looking
Batting: RHB Wendel Koudstaal 0-0: Swinging Strike
0-1: Ball
1-1: Swinging Strike
1-2: Foul Ball, location: 2F
1-2: Ball
2-2: Strikes out looking
Bottom of the 4th over - 0 runs, 0 hits, 0 errors, 0 left on base; Kent 0 - Myrtle Beach 3
TOP OF THE 5TH
Kent Comets batting - Pitching for Myrtle Beach Seahawks : RHP Patrick Amador
Batting: RHB Raúl Rosa 0-0: Called Strike
0-1: Ball
1-1: Ball
2-1: Foul Ball, location: 2F
2-2: Fly out, F9 (Flyball, 9S, EV 88.1 MPH)
Batting: RHB Jacob Gray 0-0: Ball
1-0: Ball
2-0: Fly out, F7 (Flyball, 78S, EV 83.8 MPH)
Pitching: RHP Carlos Pagán
Batting: RHB Zhao-ji Pan 0-0: SINGLE (Groundball, 6D, EV 95.6 MPH)
Batting: RHB Roberto Méndez 0-0: Called Strike
0-1: Called Strike
0-2: Ball
1-2: SINGLE (Groundball, 56D, EV 100.6 MPH)
Zhao-ji Pan to second
Batting: RHB Wessel Dekkers 0-0: Ball
1-0: Fly out, F5 (Flyball, 5D, EV 90.0 MPH)
Top of the 5th over - 0 runs, 2 hits, 0 errors, 2 left on base; Kent 0 - Myrtle Beach 3
BOTTOM OF THE 5TH
Myrtle Beach Seahawks batting - Pitching for Kent Comets : RHP Tadao Ishihara
Batting: RHB Darren Gordam 0-0: Ball
1-0: Ground out 4-3 (Groundball, 4M, EV 98.8 MPH)
Batting: LHB John Allen 0-0: Ball
1-0: Ground out 6-3 (Groundball, 6, EV 105.6 MPH)
Batting: LHB Anton Zdravomyslov 0-0: Ball
1-0: Foul Ball, location: 2F
1-1: Ground out 4-3 (Groundball, 34, EV 81.9 MPH)
Bottom of the 5th over - 0 runs, 0 hits, 0 errors, 0 left on base; Kent 0 - Myrtle Beach 3
TOP OF THE 6TH
Kent Comets batting - Pitching for Myrtle Beach Seahawks : RHP Carlos Pagán
Batting: RHB Ramón Suzuarregui 0-0: Ground out 6-3 (Groundball, 6, EV 83.8 MPH)
Pitching: LHP Adrián Gómez
Batting: LHB Bill Wilson 0-0: Ball
1-0: Swinging Strike
1-1: Called Strike
1-2: Strikes out swinging
Batting: RHB León Galiano 0-0: Ball
1-0: Ground out 6-3 (Groundball, 6, EV 85.6 MPH)
Top of the 6th over - 0 runs, 0 hits, 0 errors, 0 left on base; Kent 0 - Myrtle Beach 3
BOTTOM OF THE 6TH
Myrtle Beach Seahawks batting - Pitching for Kent Comets : RHP Tadao Ishihara
Batting: RHB Cristo Lucas 0-0: Ball
1-0: Called Strike
1-1: Ground out 1-3 (Groundball, 13, EV 90.6 MPH)
Batting: RHB Xavier Botín 0-0: Fly out, F7 (Line Drive, 7, EV 96.2 MPH)
Batting: RHB Bartolo Ayala 0-0: Ball
1-0: Ball
2-0: Called Strike
2-1: Foul Ball, location: 2F
2-2: Hit by Pitch
Batting: RHB Andrew Sprinkle 0-0: Foul Ball, location: 2F
0-1: SINGLE (Groundball, 34D, EV 109.4 MPH)
Bartolo Ayala to second
Bartolo Ayala to third
Batting: LHB Don Clark 0-0: Called Strike
0-1: Called Strike
0-2: Foul Ball, location: 2F
0-2: Ball
1-2: Foul Ball, location: 2F
1-2: Fly out, F8 (Line Drive, 8LD, EV 96.2 MPH)
Bottom of the 6th over - 0 runs, 1 hit, 0 errors, 2 left on base; Kent 0 - Myrtle Beach 3
TOP OF THE 7TH
Kent Comets batting - Pitching for Myrtle Beach Seahawks : LHP Adrián Gómez
Batting: RHB John Jackson 0-0: Called Strike
0-1: Ball
1-1: Foul Ball, location: 2F
1-2: Foul Ball, location: 2F
1-2: Ground out 6-3 (Groundball, 6M, EV 95.0 MPH)
Batting: RHB Raúl Rosa 0-0: Called Strike
0-1: Ball
1-1: Fly out, F9 (Flyball, 9S, EV 92.5 MPH)
Batting: RHB Jacob Gray 0-0: Ball
1-0: Ground out 6-3 (Groundball, 6, EV 86.9 MPH)
Top of the 7th over - 0 runs, 0 hits, 0 errors, 0 left on base; Kent 0 - Myrtle Beach 3
BOTTOM OF THE 7TH
Myrtle Beach Seahawks batting - Pitching for Kent Comets : RHP Tadao Ishihara
Batting: RHB Wendel Koudstaal 0-0: Called Strike
0-1: Foul Ball, location: 2F
0-2: Ball
1-2: Ball
2-2: SINGLE (Line Drive, 89M, EV 106.9 MPH)
Pitching: RHP Kikine Marron
Batting: RHB Darren Gordam 0-0: Swinging Strike
0-1: Foul Ball, location: 2F
0-2: Strikes out swinging
Batting: LHB John Allen 0-0: Ball
1-0: Foul Ball, location: 2F
1-1: Fielders Choice at 2nd, 4-6 (Groundball, 4M, EV 105.0 MPH)
Batting: LHB Anton Zdravomyslov 0-0: Ground out U3 (Groundball, 3, EV 106.2 MPH)
Bottom of the 7th over - 0 runs, 1 hit, 0 errors, 1 left on base; Kent 0 - Myrtle Beach 3
TOP OF THE 8TH
Kent Comets batting - Pitching for Myrtle Beach Seahawks : LHP Adrián Gómez
Batting: RHB Zhao-ji Pan 0-0: Ball
1-0: Called Strike
1-1: Swinging Strike
1-2: Fly out, F8 (Flyball, 8LS, EV 73.8 MPH)
Batting: RHB Roberto Méndez 0-0: Called Strike
0-1: Fly out, F9 (Line Drive, 9, EV 89.4 MPH)
Batting: RHB Wessel Dekkers 0-0: Ball
1-0: Fly out, F8 (Flyball, 8RM, EV 85.6 MPH)
Top of the 8th over - 0 runs, 0 hits, 0 errors, 0 left on base; Kent 0 - Myrtle Beach 3
BOTTOM OF THE 8TH
Myrtle Beach Seahawks batting - Pitching for Kent Comets : RHP Kikine Marron
Batting: RHB Cristo Lucas 0-0: Swinging Strike
0-1: Ball
1-1: Ball
2-1: Swinging Strike
2-2: Ball
3-2: Strikes out swinging
Batting: RHB Xavier Botín 0-0: SINGLE (Line Drive, 8RS, EV 91.2 MPH)
Batting: RHB Bartolo Ayala 0-0: Called Strike
0-1: Ball
1-1: Called Strike
1-2: Ball
2-2: Ball
3-2: Base on Balls
Xavier Botín to second
Batting: RHB Andrew Sprinkle 0-0: Ball
1-0: Fly out, F8 (Line Drive, 8RD, EV 90.6 MPH)
Batting: LHB Don Clark 0-0: Ball
1-0: SINGLE (Groundball, 4, EV 102.5 MPH) (infield hit)
Xavier Botín to third
Bartolo Ayala to second
Batting: RHB Wendel Koudstaal 0-0: Ball
1-0: Swinging Strike
1-1: Called Strike
1-2: SINGLE (Line Drive, 34D, EV 96.2 MPH)
Xavier Botín scores
Bartolo Ayala to third
Don Clark to second
Runner from 3rd tries for Home, SAFE, throw by RF to home
Batting: RHB Darren Gordam 0-0: Fly out, F8 (Line Drive, 8LM, EV 105.0 MPH)
Bottom of the 8th over - 2 runs, 3 hits, 0 errors, 2 left on base; Kent 0 - Myrtle Beach 5
TOP OF THE 9TH
Kent Comets batting - Pitching for Myrtle Beach Seahawks : LHP Adrián Gómez
Pitching: LHP Lance Simmons
Batting: RHB Ramón Suzuarregui 0-0: Ball
1-0: Called Strike
1-1: Ball
2-1: Called Strike
2-2: Ball
3-2: Fly out, F9 (Flyball, 9, EV 84.4 MPH)
Batting: LHB Bill Wilson 0-0: Ball
1-0: Called Strike
1-1: Foul Ball, location: 2F
1-2: Ball
2-2: Strikes out swinging
Batting: RHB León Galiano 0-0: Ball
1-0: Foul Ball, location: 2F
1-1: Ground out 6-3 (Groundball, 6, EV 91.2 MPH)
Top of the 9th over - 0 runs, 0 hits, 0 errors, 0 left on base; Kent 0 - Myrtle Beach 5
Friday, March 26th, 2021 - OOTP Baseball 20.8 Build 74